 BcadrenCrawl: Boulder Brew version 0.04.2-20-g1dbc4a6302 (webtiles) character file.

Game seed: 14946643315454549699, levelgen mode: deterministic

1554 st0uf the Ducker (level 8, -7/63 HPs) Scintillating Draconian Demonspawn. Began on May 24, 2021. Mangled by Harold ... wielding a cursed +0 glaive of pain {(Curse: *Rage Fragile)} (14 damage) ... on level 4 of the Dungeon. The game lasted 00:17:50 (3012 turns).

st0uf the Ducker (DrDs)                             Turns: 3012, Time: 00:17:51

Health: -7/63      AC: 12    Str: 16    XL:     8 ^: 577
Magic:  0/13       EV: 17    Int: 13    God:
Gold:   180        SH:  0    Dex: 13    Spells: 12/14 levels left

rFire    . . .     Vision   .     - Unarmed
rCold    + . .     Gourm    .     - Unarmed
rNeg     + . .     Faith    .   (armour unavailable)
rPois    .         Spirit   +   (helmet restricted)
rElec    .         Reflect  .   n - +0 cloak {+Inv}
rCorr    +         Harm     .   l - +0 pair of gloves
MR       +....                  (no boots)
Stlth    ++........             (no amulet)
HPRegen  0.31/turn              (no ring)
MPRegen  0.23/turn              (no ring)

@: no status effects
A: no body armour, unfitting armour, horns 1, repulsion field 1, cold resistance
1, magic shield, cold-blooded, freezing cloud immunity, chaos magic, random
archmage 1, AC+, Chaos+, AC +10
a: Breathe Seething Chaos, Evoke Invisibility


You were on level 4 of the Dungeon.
You were not hungry.

You visited 1 branch of the dungeon, and saw 4 of its levels.

You collected 180 gold pieces.

Inventory:

Armour
 l - a +0 pair of gloves (worn)
 n - a +0 cloak of invisibility (worn)
Jewellery
 f - an uncursed ring of fire
 o - an uncursed ring of evasion
 s - an uncursed ring of wizardry
Wands
 c - a wand of random effects (14)
Scrolls
 a - a scroll of fear
 i - a scroll of torment
 j - 3 scrolls of fog
 k - a scroll of blinking
 p - 3 scrolls of immolation
 q - a scroll of amnesia
Potions
 d - a potion of lignification
 g - a potion of brilliance
 h - 2 potions of mutation
 m - a potion of heal wounds
 r - a potion of resistance
Miscellaneous
 e - a phial of floods
Comestibles
 b - 5 rations


   Skills:
 + Level 3.5 Fighting
 + Level 5.5 Dodging
 + Level 3.5 Stealth
 - Level 1.7 Unarmed Combat
 * Level 3.9 Spellcasting
 + Level 2.8 Fire Magic
 * Level 2.7 Ice Magic
   Level 3.0 Invocations
 * Level 3.8 Evocations


You had 12 spell levels left.
You knew the following spells:

 Your Spells              Type           Power        Failure   Level  Hunger
a - Flame Tongue          Fire           10 (30)      6%          1    None
b - Freeze                Ice            9 (25)       7%          1    None

Your spell library contained the following spells:

 Spells                   Type           Power        Failure   Level  Hunger
 Throw Frost              Ice            9 (50)       11%         2    ##.....
 Conjure Flame            Fire           10 (100)     19%         3    ###....
 Beastly Appendage        Tmut           2 (50)       22%         1    None
 Blink                    Tloc           N/A          32%         2    ##.....
 Call Imp                 Summ           2 (100)      32%         2    ##.....
 Slow                     Hex            3 (100)      32%         2    ##.....
 Sticks to Snakes         Tmut           2 (100)      32%         2    ##.....
 Ozocubu's Armour         Chrm/Ice       6 (100)      34%         3    ###....
 Mephitic Cloud           Pois/Air       2 (100)      54%         3    ###....
 Scorpion Form            Tmut/Pois      2 (200)      54%         3    ###....
 Snakes to Sticks         Hex/Tmut       2 (100)      54%         3    ###....
 Hailstorm                Ice            9 (100)      56%         4    ####...
 Throw Icicle             Ice            14 (100)     56%         4    ####...
 Ice Form                 Ice/Tmut       9 (100)      75%         4    ####...
 Summon Ice Beast         Ice/Summ       6 (100)      75%         4    ####...
 Blade Hands              Tmut           3 (200)      99%         5    ######.


Dungeon Overview and Level Annotations

Branches:
Dungeon (4/8)
 Temple: D:4

Altars:
Qazlal
Yredelemnul

Annotations:
D:1 1 exclusion
D:4 Harold


Innate Abilities, Weirdness & Mutations

You cannot fit into any form of body armour.
Your scintillating rainbow scales are resilient. (AC +10)
You can breathe bolts of chaotic energy.
You have a pair of small horns on your head.
You are surrounded by a mild repulsion field. (EV +2)
You are cold resistant. (rC+)
When hurt, damage is shared between your health and your magic reserves.
You are cold-blooded and may be slowed by cold attacks.
You are immune to freezing clouds.
Your magic is chaotic and you often have boosted spellpower when casting.
Your scintillating rainbow scales chaotically grant elemental resistances and boost your physical defenses a bit. (AC+, Chaos+)


Message History

Harold hits you with a cursed +0 glaive of pain {(Curse: *Rage Fragile)} (26)!!
You writhe in agony (5).
Unknown command.
You hit Harold but do no damage. x2
Harold is lightly wounded. (75/78) HP You hit Harold but do no damage. x2; You headbutt Harold (1).
Harold is lightly wounded. (74/78) HP Harold hits you with a cursed +0 glaive of pain {(Curse: *Rage Fragile)} (3).
You writhe in agony (1).
* * * LOW HITPOINT WARNING * * *
Unknown command.
Harold throws a javelin.
The javelin punctures you (8)!
* * * LOW HITPOINT WARNING * * *
A giant cockroach comes into view.
A bullfrog skeleton comes into view.
Harold fires a harpoon shot at you. The harpoon shot hits you (9)!
* * * LOW HITPOINT WARNING * * *
You are yanked forward by the harpoon shot.
Harold hits you from afar with a cursed +0 glaive of pain {(Curse: *Rage Fragile)} (16)!
You die...

....... ###+########## #......#
#............#######
#......####.###...............
#......##≈...○#...............
#.......#.....#@..............
##.........._.@Z...............
#.......##.....#...............
#.......<#°...☼#.......#.......
#........###.###.......#.......
#......s.....# #########......?
#...........## #..$....
#...........# #.........
###...........# #.........
..............# #.........


You could see Harold and a bullfrog skeleton.

Vanquished Creatures
  A basilisk (D:3)
  Purgy (D:2)
  Edmund (D:3)
  A porcupine (D:3)
  A phantom (D:3)
  An ice beast (D:4)
  3 big kobolds (D:2)
  2 hounds
  A jelly (D:2)
  An iguana (D:3)
  6 orc wizards
  3 worker ants (D:3)
  2 wyvern skeletons
  5 giant cockroaches (D:2)
  A bullfrog zombie (D:4)
  5 adders
  8 sewer rats (D:2)
  A worm (D:3)
  5 cinder newts
  3 oozes
  2 dart slugs (D:1)
  4 leopard geckos
  7 orcs (D:3)
  An adder skeleton (D:3)
  2 ball pythons
  3 bats (D:1)
  A cinder newt skeleton (D:2)
  3 goblins (D:1)
  6 hobgoblins (D:1)
  A bat skeleton (D:2)
  20 kobolds
  A leopard gecko skeleton (D:2)
  A quokka skeleton (D:2)
  4 rats (D:1)
108 creatures vanquished.

Vanquished Creatures (others)
  89 withered plants (D:2)
89 creatures vanquished.

Grand Total: 197 creatures vanquished

Notes
Turn   | Place    | Note
-------+----------+-------------------------------------------
     0 | D:1      | st0uf the Immature Draconian Demonspawn began the quest for
                  | the Orb.
     0 | D:1      | Reached XP level 1. HP: 16/16 MP: 3/3
   130 | D:1      | Gained mutation: You are cold resistant. (rC+) [demonic
                  | ancestry]
   130 | D:1      | Reached XP level 2. HP: 23/23 MP: 4/4
   281 | D:1      | Gained mutation: When hurt, damage is shared between your
                  | health and your magic reserves. [demonic ancestry]
   281 | D:1      | Reached XP level 3. HP: 29/29 MP: 5/5
   638 | D:1      | Reached skill level 3 in Dodging
   921 | D:2      | Reached skill level 1 in Evocations
   948 | D:2      | Found a basalt altar of Yredelemnul.
   963 | D:2      | Reached XP level 4. HP: 28/36 MP: 4/6
  1015 | D:2      | Gained mutation: You are immune to freezing clouds.
                  | [demonic ancestry]
  1015 | D:2      | Reached XP level 5. HP: 23/41 MP: 3/7
  1254 | D:2      | Reached skill level 4 in Dodging
  1254 | D:2      | Reached XP level 6. HP: 48/50 MP: 8/8
  1320 | D:2      | Identified the cursed ring "Musaegg" {rF+ Int+5, (Curse:
                  | Fragile rC-)}
  1613 | D:2      | Your scales start taking on a scintillating rainbow colour.
  1613 | D:2      | Reached XP level 7. HP: 56/56 MP: 10/10
  1613 | D:2      | Gained mutation: You have a pair of small horns on your
                  | head. [demonic ancestry]
  1613 | D:2      | Gained mutation: Your scintillating rainbow scales
                  | chaotically grant elemental resistances and boost your
                  | physical defenses a bit. (AC+, Chaos+) [Scintillating
                  | Draconian growth]
  1613 | D:2      | Gained mutation: Your magic is chaotic and you often have
                  | boosted spellpower when casting. [Scintillating Draconian
                  | growth]
  1622 | D:2      | Learned a level 1 spell: Freeze
  1684 | D:2      | Noticed Purgy
  1699 | D:2      | Killed Purgy
  2005 | D:3      | Reached skill level 1 in Ice Magic
  2064 | D:3      | Reached skill level 5 in Dodging
  2226 | D:3      | Gained mutation: You are surrounded by a mild repulsion
                  | field. (EV +2) [demonic ancestry]
  2226 | D:3      | Reached XP level 8. HP: 50/63 MP: 12/12
  2407 | D:3      | Noticed Edmund
  2426 | D:3      | Killed Edmund
  2919 | D:4      | Found a stormy altar of Qazlal.
  3000 | D:4      | Noticed Harold
  3012 | D:4      | Mangled by Harold

Levels and vault maps discovered:
D:1:      lightli_arrival_noodles, layout_loops_ring,
          chequers_serial_rivers_room_b, minivault_1, minivault_24, minivault_5,
          wander_ebering_terrifying_dragon_lair
D:2:      layout_sewer, yredelemnul_altar_generic,
          minmay_a_box_with_orc_wizards_in_it, uniq_purgy
D:3:      layout_basic, first_ration, uniq_edmund
D:4:      ossuary_zaba_flooded, layout_basic, grunt_qazlal_clouds,
          minmay_temple_entry_proselytizer, uniq_erica, uniq_maurice,
          uniq_harold

Skill      XL: |  1  2  3  4  5  6  7  8 |
---------------+-------------------------+-----
Fighting       | 2 3 |  3.5
Dodging        | 3 4 5 |  5.5
Evocations     | 1 2 3 |  3.8
Stealth        | 2 3 |  3.5
Spellcasting   | 2 3 |  3.9
Fire Magic     | 2 |  2.8
Ice Magic      | 1 2 |  2.7
Unarmed Combat | |  1.7
Invocations    | |  3.0

Action                   |  1- 3 |  4- 6 |  7- 9 || total
-------------------------+-------+-------+-------++-------
Melee: Unarmed           |   144 |   266 |   303 ||   713
       Tailslap          |     6 |    20 |    31 ||    57
       Headbutt          |       |       |    41 ||    41
 Cast: Flame Tongue      |       |       |     5 ||     5
       Freeze            |       |       |     3 ||     3
 Abil: Breathe Seething  |       |       |     2 ||     2
 Stab: Sleeping          |     2 |       |     1 ||     3
  Eat: Chunk             |       |     3 |     5 ||     8
Armor: Skin              |    14 |    13 |    37 ||    64
Dodge: Dodged            |    37 |    51 |    57 ||   145
